 Dungeon Crawl Stone Soup version 0.28.0 (webtiles) character file.

Game seed: 11455558081098743121

9 GrayStillPlays the Conjurer (level 2, -2/27 HPs)
             Began as an Ogre Conjurer on Feb 7, 2022.
             Slain by a ball python (3 damage)
             ... on level 1 of the Dungeon.
             The game lasted 00:01:05 (187 turns).

GrayStillPlays the Conjurer (Ogre Conjurer)          Turns: 187, Time: 00:01:06

Health: -2/27      AC:  3    Str: 10    XL:     2   Next: 12%
Magic:  0/5        EV:  9    Int: 19    God:
Gold:   0          SH:  0    Dex:  7    Spells: 5/6 levels left

rFire   . . .      SeeInvis .   (no weapon)
rCold   . . .      Faith    .   (no shield)
rNeg    . . .      Spirit   .   a - +0 robe
rPois   .          Reflect  .   (helmet restricted)
rElec   .          Harm     .   (no cloak)
rCorr   .          Rampage  .   (gloves unavailable)
Will    .....                   (boots unavailable)
Stlth   +.........              (no amulet)
HPRegen 0.09/turn               (no ring)
MPRegen 0.09/turn               (no ring)

@: no status effects
A: large, unfitting armour, tough skin 1
a: no special abilities


You were on level 1 of the Dungeon.
You visited 1 branch of the dungeon, and saw 1 of its levels.


Innate Abilities, Weirdness & Mutations

You are too large for most types of armour.
You have tough skin. (AC +1)


   Skills:
 + Level 1.2 Fighting
 - Level 1.7 Dodging
 - Level 1.4 Stealth
 + Level 2.7 Spellcasting
 + Level 3.7 Conjurations


You had 5 spell levels left.
You knew the following spells:

 Your Spells              Type           Power      Damage    Failure   Level
a - Magic Dart            Conj           64%        1d6       3%          1

Your spell library contained the following spells:

 Spells                   Type           Power      Damage    Failure   Level
 Searing Ray              Conj           32%        2d5       4%          2
 Dazzling Flash           Conj/Hex       18%        N/A       22%         3
 Fulminant Prism          Conj/Hex       4%         3d6       58%         4
 Iskenderun's Mystic Bla  Conj/Tloc      9%         2d4       58%         4

Inventory:

Hand Weapons
 b - a +0 whip {mace}
   (You found it on level 1 of the Dungeon)
Missiles
 c - 15 arrows
 d - a throwing net {=f!fthrowing}
Armour
 a - a +0 robe (worn)

Dungeon Overview and Level Annotations

Branches:
Dungeon (1/15)

Altars:

Shops:
D:1

(( #.####.#### .#
#.#.8†∩.8.#.#.
####...##>.......
#####........8####.##
.........###..##...#
#####.#### #####.#.####
#####.# #.b......
......#########.bS#
#.##.......).r..@#.....
#.##.#########..## ###
#.##.# #...# #.##.#
#....# #....# #......
###### #......#
########


You could see 2 bats, a ball python and a rat.


Message History

The goblin shouts! 😕 MP[-1]
You lost 1 mp, and now have 0/4 mp.
You are too depleted to draw on your mana recklessly!
You are too depleted to draw on your mana recklessly!
You are too depleted to draw on your mana recklessly!
There are monsters nearby!
The ball python bites you. 😕 HP[-1]
You take 1 damage, and now have 14/18 hp.
The ball python bites you. 😮 HP[-1]
You take 1 damage, and now have 13/18 hp. 😕 HP[+1] MP[+1]
You hit the ball python.
The ball python bites you but does no damage.
You closely miss the ball python.
The ball python bites you but does no damage.
You barely miss the ball python.
The ball python bites you but does no damage.
You hit the ball python but do no damage.
The ball python barely misses you.
You closely miss the ball python.
The ball python bites you but does no damage. x2
You closely miss the ball python. The ball python bites you. 😮 HP[-1]
You take 1 damage, and now have 13/18 hp.
You hit the ball python.
You kill the ball python!
Your Fighting skill increases to level 1! 😮 HP[+1]
You now have 19 max hp (+1).
You barely miss the hobgoblin. The hobgoblin hits you. 😮 HP[-2]
You take 2 damage, and now have 12/19 hp.
You closely miss the hobgoblin. The goblin hits you but does no damage.
The hobgoblin hits you. 😮 HP[-1]
You take 1 damage, and now have 11/19 hp.
You closely miss the goblin. The goblin barely misses you.
The hobgoblin closely misses you. 😮 MP[+1]
You hit the goblin. The goblin hits you with a +0 club.
The hobgoblin hits you but does no damage. 😮 HP[-1]
You take 1 damage, and now have 10/19 hp.
You hit the hobgoblin. The goblin hits you with a +0 club.
* * * LOW HITPOINT WARNING * * *
The hobgoblin hits you.
* * * LOW HITPOINT WARNING * * *
😨 HP[-4]
You take 4 damage, and now have 6/19 hp.
MASSIVE DAMAGE!! (PAUSE)
The hobgoblin hits you.
* * * LOW HITPOINT WARNING * * *
😱 HP[-3]
You take 3 damage, and now have 3/19 hp.
The hobgoblin hits you but does no damage.
The rat twitches its whiskers. 😱 HP[+1] 😱 MP[+1]
You are too injured to fight recklessly!
You are too injured to fight recklessly!
Aiming: Magic Dart (safe; 3% risk of failure)
Press: ? - help, Q - select action, (/) - cycle Shift-Dir - straight line, f - goblin
Aim: a goblin, wielding a +0 club (heavily wounded, 100% to hit)
The magic dart hits the goblin.
The goblin hits you with a +0 club.
* * * LOW HITPOINT WARNING * * *
😱 HP[-3] MP[-1]
You take 3 damage, and now have 1/19 hp.
You lost 1 mp, and now have 2/4 mp.
Aiming: Magic Dart (safe; 3% risk of failure)
Press: ? - help, Q - select action, (/) - cycle Shift-Dir - straight line, f/p - goblin
Aim: a goblin, wielding a +0 club (severely wounded, 100% to hit)
The magic dart hits the goblin.
You kill the goblin!
The hobgoblin hits you but does no damage.
You have reached level 2! 😱 MP[-1]
You now have 27 max hp (+8).
Aiming: Magic Dart (safe; 3% risk of failure)
Press: ? - help, Q - select action, (/) - cycle Shift-Dir - straight line, f - hobgoblin
Aim: a hobgoblin (moderately wounded, 100% to hit)
The magic dart hits the hobgoblin.
You kill the hobgoblin! 😱 MP[-1]
You lost 1 mp, and now have 0/5 mp.
The rat twitches its whiskers.
A bat comes into view.
The bat hits you but does no damage. 😱 HP[+1]
A bat and a ball python come into view.
The ball python hisses angrily.
The bat hits you.
* * * LOW HITPOINT WARNING * * *
😱 HP[-1]
You take 1 damage, and now have 1/27 hp.
The bat hits you but does no damage. The ball python bites you.
You die...

Skill      XL: |  1 |
---------------+----+-----
Fighting       | 1 |  1.2
Dodging        | |  1.7
Stealth        | |  1.4
Spellcasting   | |  2.7
Conjurations   | |  3.7

Action                   || total
-------------------------++-------
Melee: Unarmed           ||    20
 Cast: Magic Dart        ||    12
Armor: Robe              ||    12
Dodge: Dodged            ||    10

Levels and vault maps discovered:
D:1:      saegor_arrival_miasma, layout_loops_ring, serial_shops,
          shop_fountains, nicolae_shop_statue_plus,
          nicolae_shop_advertising_works [nicolae_subvault_shop_adworks], shop,
          nrook_mini_vaults

Notes
Turn   | Place    | Note
-------+----------+-------------------------------------------
     0 | D:1      | GrayStillPlays the Ogre Conjurer began the quest for the
                  | Orb.
     0 | D:1      | Reached XP level 1. HP: 16/16 MP: 3/3
     0 | D:1      | magus.rc [v1.9.6]
    18 | D:1      | Found Jeotoat's Antique Weapon Boutique.
   123 | D:1      | Found Jopod's Antique Weapon Emporium.
   166 | D:1      | Reached skill level 1 in Fighting
   172 | D:1      | HP: 3/19 [hobgoblin (3)]
   181 | D:1      | HP: 1/19 [goblin (3)]
   183 | D:1      | Reached XP level 2. HP: 1/27 MP: 1/5
   186 | D:1      | HP: 1/27 [bat (1)]
   187 | D:1      | Slain by a ball python

Vanquished Creatures
  3 ball pythons (D:1)
  A goblin (D:1)
  2 hobgoblins (D:1)
  A quokka (D:1)
  A rat (D:1)
8 creatures vanquished.

Table legend:
 A = Non-vault XP
 B = Vault XP
 C = Vault XP percentage of total XP
 D = Non-vault monster count
 E = Vault monster count
 F = Vault count percentage of total count
                 A         B        C        D         E       F
            +---------+---------+-------+---------+---------+-------
      Total |      13 |       0 |   0.0 |       8 |       0 |   0.0
            +---------+---------+-------+---------+---------+-------
        D:1 |      13 |       0 |   0.0 |       8 |       0 |   0.0
            +---------+---------+-------+---------+---------+-------

Illustrated notes

Table legend:
 A = Kills in this place as a percentage of kills in entire the game.
 B = Kills by you in this place as a percentage of kills by you in the entire game.
 C = Kills by friends in this place as a percentage of kills by friends in the entire game.
 D = Other kills in this place as a percentage of other kills in the entire game.
 E = Experience gained in this place as a percentage of experience gained in the entire game.
 F = Experience gained in this place divided by the number of levels of this place that you have seen.
                   A       B       C       D       E      F
               +-------+-------+-------+-------+-------+----------------------
         Total | 100.0 | 100.0 |   N/A |   N/A | 100.0 |  13.0
       Dungeon | 100.0 | 100.0 |   N/A |   N/A | 100.0 |  13.0
               +-------+-------+-------+-------+-------+----------------------

Table legend: (Time is in decaauts)
 A = Elapsed time spent in this place.
 B = Non-inter-level travel time spent in this place.
 C = Inter-level travel time spent in this place.
 D = Time resting spent in this place.
 E = Time spent auto-exploring this place.
 F = Levels seen in this place.
 G = Mean time per level.
                   A        B        C        D        E       F      G
               +--------+--------+--------+--------+--------+-----+--------+
         Total |    187 |    187 |      0 |      0 |    117 |   1 |  187.0 |
       Dungeon |    187 |    187 |      0 |      0 |    117 |   1 |  187.0 |
               +--------+--------+--------+--------+--------+-----+--------+

Top non-repeatable levels by time:
     D:1: 187 daAuts
